 Dungeon Crawl Stone Soup version 0.30-a0-986-g7f2e898f52 (webtiles) character file.

Game seed: 17240542317943286881

1792 dredge the Carver (level 8, -6/48 (70) HPs)
             Began as a Minotaur Berserker on Apr 2, 2023.
             Was a Priest of Trog.
             Mangled by Bediveer's ghost (14 damage)
             ... on level 6 of the Dungeon.
             The game lasted 00:12:55 (4698 turns).

dredge the Carver (Minotaur Berserker)              Turns: 4698, Time: 00:12:55

HP:   -6/48 (70)    AC: 23    Str: 22      XL:     8   Next: 82%
MP:   7/7           EV:  7    Int:  4      God:    Trog [***...]
Gold: 423           SH:  4    Dex: 12 (15) Spells: 7/7 levels left

rFire   x . .      SeeInvis .    z - +0 mace (protect)
rCold   . . .      Faith    .    k - +0 buckler
rNeg    . . .      Spirit   .    m - +0 plate armour
rPois   .          Reflect  .    j - +2 hat
rElec   .          Rampage  .    v - +0 cloak {Stlth+}
rCorr   .                        (no gloves)
Will    .....                    (no boots) Stlth
                                 o - amulet of the acrobat
HPRegen 0.28/turn                l - ring of Elunto {Wiz rF- Dex+3 Slay+3}
MPRegen 0.10/turn                (no ring)

@: under a protective aura, on berserk cooldown, slowed, very heavily drained,
very slow
A: horns 2, retaliatory headbutt
a: Renounce Religion, Berserk, Trog's Hand


You were on level 6 of the Dungeon.
You worshipped Trog.
Trog was most pleased with you.
You visited 1 branch of the dungeon, and saw 6 of its levels.

You collected 447 gold pieces.
You spent 24 gold pieces at shops.

Inventory:

Hand Weapons
 a - a +0 falchion
 u - a +2 quarterstaff of chaos
 z - a +0 mace of protection (weapon)
 G - a +0 antimagic whip
Missiles
 g - 4 javelins (quivered)
 r - a throwing net
 D - 2 poisoned darts
Armour
 j - a +2 hat (worn)
 k - a +0 buckler (worn)
 m - a +0 plate armour (worn)
 v - a +0 cloak of stealth (worn)
Jewellery
 l - the ring of Elunto (left hand) {Wiz rF- Dex+3 Slay+3}
   (You found it on level 2 of the Dungeon)

   [ring of wizardry]

   It improves your spell success rate.
   Dex:       It affects your dexterity (+3).
   Slay:      It affects your accuracy & damage with ranged weapons and melee
   (+3).
   rF:        It makes you vulnerable to fire.
 o - an amulet of the acrobat (around neck)
 C - a +4 ring of protection
Wands
 p - a wand of digging (3)
 t - a wand of flame (36)
 E - a wand of charming (6)
Scrolls
 c - 3 scrolls of identify
 e - a scroll of fear
 f - 3 scrolls of teleportation
 h - 2 scrolls of magic mapping
 i - 3 scrolls of amnesia
 q - a scroll of enchant weapon
 w - a scroll of blinking
 y - a scroll of poison
 F - a scroll of vulnerability {unknown}
Potions
 d - 3 potions of curing
 n - a potion of mutation
 s - 2 potions of flight
 x - a potion of invisibility
 A - a potion of might {unknown}
 B - a potion of attraction {unknown}


   Skills:
 + Level 5.9 Fighting
 + Level 9.0 Long Blades
 + Level 3.1 Maces & Flails
 + Level 8.0 Armour
 + Level 3.7 Dodging
 + Level 0.4 Stealth
 + Level 3.4 Shields


You had 7 spell levels left.
You didn't know any spells.
Your spell library contained the following spells:

 Spells                   Type           Power      Damage    Failure   Level
 Freeze                   Ice            0%         1d3       99%         1
 Sandblast                Erth           0%         2d4       99%         1
 Passwall                 Tmut/Erth      0%         N/A       99%         2
 Frozen Ramparts          Ice            0%         1d1       100%        3
 Hailstorm                Conj/Ice       0%         3d3       100%        3
 Stone Arrow              Conj/Erth      0%         3d7       100%        3
 Summon Guardian Golem    Hex/Summ       0%         N/A       100%        3
 Orb of Destruction       Conj           0%         9d5       100%        7
 Spellforged Servitor     Conj/Summ      0%         N/A       100%        7


Dungeon Overview and Level Annotations

Branches:
Dungeon (6/15)
 Temple: D:4-7

Altars:
Elyvilon
Hepliaklqana
Qazlal
The Shining One

Shops:
D:5 ?

Annotations:
D:6 1 transporter, Bediveer's ghost, novice FoHu


Innate Abilities, Weirdness & Mutations

You have a pair of horns on your head.
You reflexively headbutt those who attack you in melee.


Message History

The quasit claws you but does no damage.
The quasit closely misses you. Bediveer's ghost hits you!
* * * LOW HITPOINT WARNING * * *
You feel drained.
* * * LOW HITPOINT WARNING * * *
The quasit closely misses you.
The quasit claws you but does no damage.
The quasit completely misses you.
You hit Bediveer's ghost but do no damage.
Bediveer's ghost is moderately damaged.
The quasit bites you but does no damage.
The quasit claws you but does no damage. x2
The quasit barely misses you. x2
The quasit claws you but does no damage.
The quasit bites you but does no damage.
The quasit claws you but does no damage. x2
Bediveer's ghost hits you but does no damage.
You feel drained.
Unknown command.
You barely miss Bediveer's ghost. Your headbutt misses Bediveer's ghost.
Bediveer's ghost is moderately damaged.
You are no longer berserk.
You are exhausted.
You feel yourself slow down.
The quasit bites you but does no damage.
The quasit closely misses you.
The quasit claws you but does no damage.
The quasit bites you but does no damage.
The quasit claws you but does no damage.
The quasit closely misses you.
You feel much better. Bediveer's ghost hits you!
* * * LOW HITPOINT WARNING * * *
You feel drained.
* * * LOW HITPOINT WARNING * * *
The quasit bites you but does no damage.
The quasit claws you but does no damage. x2
The quasit bites you but does no damage.
You block the quasit's attack. The quasit barely misses you.
Bediveer's ghost hits you!
You die...

#....###....###.....####.....##.
#...###..[.##.#####..###....####
#....#.....#...©..##..#.....#
#.........##..#....##.###.###
#.........#.#...#..5#.###..#
#.........# .#.##..##.#...##
##.........##.#...#.#©.....#
............#?#..W..##.....#
##.######..©#==.@# #....## #.#
##..#..#55.# #....# #.##
#.##.....#.##....# ##..##
#.#..#.#..!#.....# .....# #.#
#.#...#.....# §≈§§.# #.##
......#.....# ..§≈§###
#..###...###.
≈≈.≈....###...#####....
.≈.≈.#..#............


You could see 2 quasits and Bediveer's ghost.

Vanquished Creatures
  Grinder (D:3)
  Sigmund (D:3)
  Duvessa (D:5)
  An orc warrior (D:5)
  An ogre (D:4)
  A phantom (D:6)
  A bullfrog (D:6)
  5 scorpions
  Dowan (D:5)
  4 quasits (D:6)
  An orc priest (D:5)
  3 hounds (D:5)
  Crazy Yiuf (D:3)
  A jelly (D:5)
  Ijyb (D:3)
  Terence (D:3)
  An orc wizard (D:5)
  5 iguanas (D:5)
  3 gnolls (D:3)
  5 adders
  2 ufetubi (D:5)
  A worm (D:3)
  2 dart slugs (D:2)
  13 orcs
  6 bats
  6 endoplasms
  3 giant cockroaches
  3 goblins (D:1)
  6 hobgoblins
  3 quokkas
  4 ball pythons
  3 frilled lizards
  8 kobolds
  5 rats
104 creatures vanquished.

Notes
Turn   | Place    | Note
-------+----------+-------------------------------------------
     0 | D:1      | dredge the Minotaur Berserker began the quest for the Orb.
     0 | D:1      | Reached XP level 1. HP: 19/19 MP: 0/0
     2 | D:1      | Noticed an ogre
     2 | D:1      | Noticed a merfolk
     4 | D:1      | Noticed a spriggan
     6 | D:1      | Noticed a vine stalker
     6 | D:1      | Noticed a demigod
     8 | D:1      | Noticed a minotaur
    10 | D:1      | Noticed a formicid
    12 | D:1      | Noticed a meteoran
    12 | D:1      | Noticed a ghoul
    14 | D:1      | Noticed an elf
    14 | D:1      | Noticed a draconian
    16 | D:1      | Noticed a naga
    16 | D:1      | Noticed an octopode
    18 | D:1      | Noticed an armataur
    18 | D:1      | Noticed a demonspawn
    20 | D:1      | Noticed a tengu
    20 | D:1      | Noticed a troll
    22 | D:1      | Noticed a gargoyle
    22 | D:1      | Noticed a human
    24 | D:1      | Noticed a felid
    24 | D:1      | Noticed an elf
    26 | D:1      | Noticed an octopode
    26 | D:1      | Noticed a vampire
    84 | D:1      | Found a faded altar of an unknown god.
   306 | D:1      | Reached XP level 2. HP: 25/27 MP: 1/1
   447 | D:1      | Reached skill level 4 in Long Blades
   700 | D:2      | Noticed a scorpion
   707 | D:2      | Killed a scorpion
   708 | D:2      | Reached XP level 3. HP: 30/33 MP: 2/2
   708 | D:2      | Reached XP level 4. HP: 36/40 MP: 3/3
   763 | D:2      | Found a glowing golden altar of the Shining One.
  1048 | D:2      | Identified the ring of Elunto {Wiz rF- Dex+3 Slay+3}
  1055 | D:2      | Reached ** piety under Trog
  1330 | D:2      | Reached skill level 5 in Long Blades
  1714 | D:3      | Noticed Sigmund
  1738 | D:3      | Killed Sigmund
  1739 | D:3      | Reached XP level 5. HP: 41/47 MP: 4/4
  1739 | D:3      | Reached XP level 6. HP: 46/53 MP: 5/5
  1766 | D:3      | Noticed Grinder
  1772 | D:3      | Reached skill level 6 in Long Blades
  1788 | D:3      | Paralysed by Grinder for 4 turns
  1801 | D:3      | Paralysed by Grinder for 5 turns
  1809 | D:3      | Killed Grinder
  1810 | D:3      | Reached skill level 5 in Armour
  1810 | D:3      | Reached XP level 7. HP: 10/60 MP: 6/6
  2035 | D:3      | Found a transporter.
  2041 | D:3      | Found a transporter.
  2055 | D:3      | Noticed Terence
  2066 | D:3      | Killed Terence
  2345 | D:3      | Noticed Ijyb
  2355 | D:3      | Killed Ijyb
  2356 | D:3      | Reached skill level 5 in Fighting
  2550 | D:3      | Found a runed translucent door.
  2551 | D:3      | Noticed Crazy Yiuf
  2561 | D:3      | Killed Crazy Yiuf
  2562 | D:3      | Reached skill level 7 in Long Blades
  2704 | D:4      | Reached skill level 1 in Shields
  3226 | D:5      | Entered Level 5 of the Dungeon
  3279 | D:5      | Reached skill level 8 in Long Blades
  3394 | D:5      | Reached XP level 8. HP: 47/68 MP: 7/7
  3498 | D:5      | Found a stormy altar of Qazlal.
  3504 | D:5      | Found Nawetatt's Magic Scroll Emporium.
  3511 | D:5      | Noticed Dowan
  3512 | D:5      | Noticed Duvessa
  3528 | D:5      | Killed Duvessa
  3544 | D:5      | Killed Dowan
  3809 | D:5      | Reached *** piety under Trog
  3813 | D:5      | Reached skill level 1 in Maces & Flails
  3898 | D:5      | Bought a scroll of identify for 24 gold pieces
  4494 | D:6      | Found a hazy altar of Hepliaklqana.
  4527 | D:6      | Found a transporter.
  4531 | D:6      | Noticed Bediveer's ghost (novice FoHu)
  4564 | D:6      | Found a transporter.
  4581 | D:6      | Found a white marble altar of Elyvilon.
  4661 | D:6      | Reached skill level 9 in Long Blades
  4698 | D:6      | Mangled by Bediveer's ghost

Illustrated notes

Levels and vault maps discovered:
D:1:      kb_arrival_jail, layout_basic, shapermc_ecumenical_altar_mp_highgroup,
          grunt_decor_cap, minmay_pentomino_p4
D:2:      layout_basic, basic_altar
D:3:      gammafunk_wand_slinger, layout_rooms, uniq_sigmund,
          uniq_crazy_yiuf_cottage, uniq_ijyb, uniq_grinder, uniq_terence
D:4:      layout_cave_pools
D:5:      layout_loops_cross, mainiacjoe_overflow_boulevard,
          grunt_decor_fettered, nicolae_inconvenience_store, uniq_duvessa
D:6:      layout_cave_pools, nzn_hepliaklqana_mist_gate, trog_butcher_becter,
          mainiacjoe_overflow_concentric_impassable, serial_glass,
          glass_columns_a, glass_columns_c, gammafunk_ghost_stat_death,
          minmay_holes

Skill      XL: |  1  2  3  4  5  6  7  8 |
---------------+-------------------------+-----
Long Blades    | 4 5 6 8 9 |  9.0
Fighting       | 4 5 |  5.9
Armour         | 3 4 5 6 8 |  8.0
Dodging        | 3 |  3.7
Shields        | 1 3 |  3.4
Maces & Flails | 3 |  3.1
Stealth        | |  0.4

Action                     |  1- 3 |  4- 6 |  7- 9 || total
---------------------------+-------+-------+-------++-------
  Melee: Falchion          |    55 |    97 |   121 ||   273
         Headbutt          |     8 |    22 |    38 ||    68
         Punch             |     1 |       |       ||     1
         Mace              |       |       |    69 ||    69
 Invoke: Berserk           |       |       |     1 ||     1
    Use: Scroll            |       |       |    10 ||    10
         Potion            |       |       |     1 ||     1
 Armour: Ring mail         |     6 |       |       ||     6
         Animal skin       |     1 |       |       ||     1
         Chain mail        |    26 |    19 |       ||    45
         Plate armour      |       |    37 |   241 ||   278
  Dodge: Dodged            |    26 |    44 |   134 ||   204
  Block: Buckler           |       |     5 |    56 ||    61

Table legend: (Time is in decaauts)
 A = Elapsed time spent in this place.
 B = Non-inter-level travel time spent in this place.
 C = Inter-level travel time spent in this place.
 D = Time resting spent in this place.
 E = Time spent auto-exploring this place.
 F = Levels seen in this place.
 G = Mean time per level.
                   A        B        C        D        E       F      G
               +--------+--------+--------+--------+--------+-----+--------+
         Total |   4709 |   4412 |    297 |    166 |   3378 |   6 |  784.8 |
       Dungeon |   4709 |   4412 |    297 |    166 |   3378 |   6 |  784.8 |
               +--------+--------+--------+--------+--------+-----+--------+

Top non-repeatable levels by time:
     D:5: 1154 daAuts
     D:3: 1047 daAuts
     D:2: 1012 daAuts
     D:1: 615 daAuts
     D:4: 549 daAuts
     D:6: 329 daAuts
